 Dungeon Crawl Stone Soup version 0.22.1-1-ga44c0e5 (webtiles) character file.

13269 Fang the Cleaver (level 12, -4/115 HPs)
             Began as a Gargoyle Berserker on Oct 29, 2018.
             Was a High Priest of Trog.
             Slain by a 15-headed hydra (7 damage)
             ... on level 1 of the Lair of Beasts on Oct 30, 2018.
             The game lasted 00:24:24 (12777 turns).

Fang the Cleaver (Gargoyle Berserker)              Turns: 12777, Time: 00:24:25

Health: -4/115     AC: 29    Str: 30    XL:     12   Next: 4%
Magic:  4/4        EV: 11    Int: 17    God:    Trog [*****.]
Gold:   874        SH:  0    Dex:  4    Spells: 11/11 levels left

rFire    . . .     SeeInvis .   i - +4 executioner's axe (antimagic)
rCold    . . .     Gourm    .   (shield currently unavailable)
rNeg     + . .     Faith    .   v - +3 scale mail of Life {Int+5 Stlth+}
rPois    ∞         Spirit   .   p - +1 helmet "Vetzeily" {Slay+2}
rElec    +         Reflect  .   q - scarf {cloud immunity}
rCorr    .         Harm     .   h - +2 pair of gloves
MR       +....                  t - +0 pair of boots "Epsopn" {MR+ Int+3 Dex-3}
Stlth    ..........             (no amulet)
HPRegen  0.29/turn              z - +5 ring of protection
MPRegen  0.09/turn              b - +1 ring of slaying

@: berserking, very quick
A: blurry vision 1, clumsy 1, deformed body, negative energy resistance 1,
electricity resistance, unbreathing, evolution 1, petrification resistance, rot
immunity, AC +8
a: Berserk, Trog's Hand, Brothers in Arms, Renounce Religion


You were on level 1 of the Lair of Beasts.
You worshipped Trog.
Trog was extremely pleased with you.
You were not hungry.

You visited 3 branches of the dungeon, and saw 13 of its levels.

You collected 874 gold pieces.

Inventory:

Hand Weapons
 i - a +4 antimagic executioner's axe (weapon)
 j - a +1 battleaxe of chopping
 w - a +3 war axe
Armour
 h - a +2 pair of gloves (worn)
 p - the +1 helmet "Vetzeily" (worn) {Slay+2}
   (You found it on level 1 of the Lair of Beasts)

   It affects your accuracy and damage with ranged weapons and melee attacks
   (+2).
 q - a scarf of cloud immunity (worn)
 t - the +0 pair of boots "Epsopn" (worn) {MR+ Int+3 Dex-3}
   (You found it on level 4 of the Dungeon)

   It affects your intelligence (+3).
   It affects your dexterity (-3).
   It affects your resistance to hostile enchantments.
 v - the +3 scale mail of Life (worn) {Int+5 Stlth+}
   (You found it on level 4 of the Dungeon)

   It affects your intelligence (+5).
   It makes you more stealthy.
 G - a +1 pair of boots
Jewellery
 b - a +1 ring of slaying (right hand)
 g - an uncursed ring of positive energy
 o - an uncursed ring of resist corrosion {unknown}
 z - a +5 ring of protection (left hand)
Wands
 y - a wand of flame (63)
 A - a wand of digging (14)
 B - a wand of random effects (27)
 C - a wand of paralysis (16)
Scrolls
 k - 8 scrolls of teleportation
 l - 5 scrolls of enchant armour
 m - 6 scrolls of remove curse
 n - a scroll of fog
 x - a scroll of acquirement {unknown}
 F - a scroll of identify
Potions
 a - a potion of resistance
 d - 3 potions of lignification
 e - 6 potions of curing
 f - 2 potions of flight {unknown}
 r - 3 potions of invisibility
 s - a potion of ambrosia
 u - 2 potions of cancellation
 D - 3 potions of heal wounds
 H - a potion of berserk rage {unknown}
 I - a potion of degeneration {unknown}
Miscellaneous
 E - a sack of spiders
Comestibles
 c - 23 rations


   Skills:
 + Level 9.9 Fighting
 + Level 12.6 Axes
 + Level 8.5 Armour
 + Level 5.5 Dodging
 + Level 2.3 Stealth


You had 11 spell levels left.
You didn't know any spells.
Your spell library was empty.

Dungeon Overview and Level Annotations

Branches:
Dungeon (11/15)            Temple (1/1) D:7            Lair (1/6) D:10
    Orc (0/2) D:10

Altars:
Cheibriados
Elyvilon
Fedhas
Hepliaklqana
Kikubaaqudgha
Makhleb
Ru
Vehumet
Zin
The Shining One
Beogh

Shops:
D:4 [(([   D:7 !   D:10 %


Innate Abilities, Weirdness & Mutations

You are resistant to torment.
Your stone body is resilient. (AC +8)
You are immune to poison.
You resist negative energy. (rN+)
You are resistant to electric shocks. (rElec)
You can survive without breathing.
You are immune to petrification.
You are immune to rotting.
Scrolls take you a little longer to read.
You are clumsy. (Dex -2)
Armour fits poorly on your strangely shaped body.
You evolve.


Message History

The 14-headed hydra bites you!
* * * LOW HITPOINT WARNING * * *
The 14-headed hydra closely misses you. The 14-headed hydra misses you.
The 14-headed hydra bites you but does no damage.
The 14-headed hydra misses you. The 14-headed hydra barely misses you.
The 14-headed hydra bites you.
* * * LOW HITPOINT WARNING * * *
The 14-headed hydra bites you but does no damage. x3
You chop one of the 14-headed hydra's heads off!
The 13-headed hydra grows two more!
You slash the 15-headed hydra!
The 15-headed hydra is severely wounded.
The 15-headed hydra bites you but does no damage.
The 15-headed hydra bites you.
* * * LOW HITPOINT WARNING * * *
The 15-headed hydra barely misses you.
The 15-headed hydra bites you but does no damage. x2
The 15-headed hydra bites you.
* * * LOW HITPOINT WARNING * * *
The 15-headed hydra barely misses you. The 15-headed hydra bites you!
You die...

...........#.###.#### +......
.........#..........# #......
........†........#.#####......
..........#......#....##......
.........##......#....##......
.........####..###....##......
##+###..## #.## #....#####.##
#### ##.# #....# #. #.@#
#....# . . #†D# ###### ## #.##
#.# ... #.... #..... #......
#.).....


You could see a 15-headed hydra.

Vanquished Creatures
  A hydra (D:11)
  2 ugly things
  A merfolk (D:10)
  A queen bee (Lair:1)
  Prince Ribbit (D:6)
  3 slime creatures (D:11)
  A meliai zombie (D:11)
  A shadow (D:11)
  A basilisk (Lair:1)
  4 yaks (D:9)
  2 hungry ghosts
  A steam dragon (D:11)
  4 water moccasins
  8 orc warriors
  A sky beast (D:9)
  A black bear (D:7)
  5 ice beasts
  A necrophage (D:8)
  6 ogres
  2 phantoms
  17 centaurs
  2 crocodiles (Lair:1)
  2 big kobolds
  2 wyvern zombies
  8 bullfrogs
  A scorpion (D:9)
  11 wights
  26 killer bees
  3 howler monkeys
  8 crimson imps
  3 bullfrog zombies
  4 jellies
  A quasit (D:8)
  2 centaur zombies
  A gnoll shaman (D:6)
  8 hounds
  10 orc priests
  8 orc wizards
  3 iguanas
  2 centaur skeletons
  12 worker ants
  A killer bee zombie (D:5)
  A worker ant zombie (D:5)
  Robin (D:4)
  A howler monkey skeleton (D:7)
  11 gnolls
  13 adders
  3 shadow imps
  An adder skeleton (D:6)
  2 worms
  4 dart slugs
  4 leopard geckos
  48 orcs
  2 ball pythons
  A giant cockroach (D:4)
  13 goblins
  5 hobgoblins
  5 quokkas
  4 bats (D:1)
  2 frilled lizards (D:2)
  19 kobolds
  2 leopard gecko skeletons (D:4)
  4 rats
  9 plants (D:10)
337 creatures vanquished.

Vanquished Creatures (collateral kills)
  14 killer bees (Lair:1)
14 creatures vanquished.

Vanquished Creatures (others)
  A human (D:2)
  2 orc wizards (D:6)
3 creatures vanquished.

Grand Total: 354 creatures vanquished

Notes
Turn   | Place    | Note
-------+----------+-------------------------------------------
     0 | D:1      | Fang the Gargoyle Berserker began the quest for the Orb.
     0 | D:1      | Reached XP level 1. HP: 14/14 MP: 1/1
   139 | D:1      | Reached XP level 2. HP: 17/19 MP: 2/2
   249 | D:1      | Reached skill level 3 in Axes
   854 | D:2      | Reached ** piety under Trog
   896 | D:2      | Reached XP level 3. HP: 23/23 MP: 3/3
  1253 | D:2      | Found an ancient bone altar of Kikubaaqudgha.
  1253 | D:2      | Noticed a human
  1261 | D:2      | Killed a human
  1820 | D:3      | Reached XP level 4. HP: 26/29 MP: 4/4
  2277 | D:4      | Got a pair of shimmering boots
  2283 | D:4      | Identified the cursed +0 pair of boots "Epsopn" {MR+ Int+3
                  | Dex-3} (You found it on level 4 of the Dungeon)
  2303 | D:4      | Found Setioluabe's Weapon Emporium.
  2328 | D:4      | Noticed a phantom
  3150 | D:4      | Found Tukepp's Antique Weapon Shop.
  3174 | D:3      | Killed a phantom
  3174 | D:3      | Reached skill level 4 in Axes
  3174 | D:3      | Reached XP level 5. HP: 33/33 MP: 5/5
  3289 | D:4      | Found a burning altar of Makhleb.
  3300 | D:4      | Reached skill level 1 in Stealth
  3323 | D:4      | Reached XP level 6. HP: 30/38 MP: 6/6
  3589 | D:4      | Got a pitted scale mail
  3600 | D:4      | Identified the +3 scale mail of Life {Int+5 Stlth+} (You
                  | found it on level 4 of the Dungeon)
  3700 | D:4      | Noticed Robin
  3718 | D:4      | Killed Robin
  3845 | D:4      | Reached skill level 5 in Axes
  3859 | D:4      | Found Xethah's Antique Armour Shoppe.
  4106 | D:4      | Found Daugaka's Antique Armour Shop.
  4216 | D:5      | Entered Level 5 of the Dungeon
  4285 | D:5      | Reached XP level 7. HP: 34/44 MP: 7/7
  4459 | D:5      | Reached *** piety under Trog
  4662 | D:5      | Reached skill level 6 in Axes
  4761 | D:5      | Found a glowing golden altar of the Shining One.
  4763 | D:5      | Reached XP level 8. HP: 48/48 MP: 8/8
  4811 | D:5      | Reached skill level 5 in Fighting
  5156 | D:6      | Found a snail-covered altar of Cheibriados.
  5191 | D:6      | Reached skill level 7 in Axes
  5540 | D:6      | Noticed Prince Ribbit
  5552 | D:6      | Killed Prince Ribbit
  6017 | D:6      | Reached XP level 9. HP: 49/55 MP: 9/9
  6267 | D:7      | Reached skill level 8 in Axes
  6267 | D:7      | Reached skill level 5 in Armour
  6301 | D:7      | Received a gift from Trog
  6312 | D:7      | Found Niog Xuwkot's Distillery.
  6345 | D:7      | Reached **** piety under Trog
  6929 | D:7      | Reached skill level 9 in Axes
  7058 | D:7      | Found a staircase to the Ecumenical Temple.
  7145 | Temple   | Entered the Ecumenical Temple
  7537 | D:8      | Reached XP level 10. HP: 54/63 MP: 10/10
  7662 | D:8      | Paralysed by fainting for 12 turns
  8167 | D:8      | Found a radiant altar of Vehumet.
  8468 | D:9      | Reached ***** piety under Trog
  8513 | D:9      | Reached skill level 10 in Axes
  8630 | D:9      | Received a gift from Trog
  9147 | D:9      | Found a glowing silver altar of Zin.
  9197 | D:9      | Noticed a red ugly thing
  9232 | D:9      | Killed a red ugly thing
  9369 | D:9      | Found a blossoming altar of Fedhas.
  9444 | D:10     | Entered Level 10 of the Dungeon
  9461 | D:10     | Reached skill level 5 in Dodging
  9641 | D:10     | Found a staircase to the Lair.
  9646 | D:10     | Found a sacrificial altar of Ru.
  9654 | D:10     | Received a gift from Trog
  9654 | D:10     | Reached XP level 11. HP: 65/69 MP: 11/11
  9682 | D:10     | Reached skill level 11 in Axes
  9930 | D:10     | Found a staircase to the Orcish Mines.
  9930 | D:10     | Noticed a purple ugly thing
  9938 | D:10     | Killed a purple ugly thing
 10221 | D:10     | Found Tadit's Food Shop.
 10558 | D:11     | Gained mutation: Armour fits poorly on your strangely
                  | shaped body. [potion of mutation]
 10558 | D:11     | Gained mutation: Scrolls take you a little longer to read.
                  | [potion of mutation]
 10558 | D:11     | Gained mutation: You evolve. [potion of mutation]
 10611 | D:11     | Found a roughly hewn altar of Beogh.
 11092 | D:11     | Noticed a five-headed hydra
 11101 | D:11     | Killed an 11-headed hydra
 11363 | D:11     | Received a gift from Trog
 11363 | D:11     | Reached skill level 12 in Axes
 11782 | D:11     | Gained mutation: You are clumsy. (Dex -2) [evolution]
 12054 | Lair:1   | Entered Level 1 of the Lair of Beasts
 12305 | Lair:1   | Reached XP level 12. HP: 28/77 MP: 4/12
 12747 | Lair:1   | Got an ancient helmet
 12753 | Lair:1   | Identified the +1 helmet "Vetzeily" {Slay+2} (You found it
                  | on level 1 of the Lair of Beasts)
 12758 | Lair:1   | Noticed an eight-headed hydra
 12777 | Lair:1   | HP: 3/115 [15-headed hydra (6)]
 12777 | Lair:1   | Slain by a 15-headed hydra

Skill      XL: |  1  2  3  4  5  6  7  8  9 10 11 |
---------------+----------------------------------+-----
Axes           | 3 4 5 6 7 9 10 12 | 12.6
Dodging        | 2 3 4 5 |  5.5
Fighting       | 4 5 7 8 9 |  9.9
Stealth        | 1 2 |  2.3
Armour         | 3 4 6 7 8 |  8.5

Action                   |  1- 3 |  4- 6 |  7- 9 | 10-12 || total
-------------------------+-------+-------+-------+-------++-------
Melee: Hand axe          |   121 |   130 |       |       ||   251
       War axe           |       |    53 |   450 |   241 ||   744
       Battleaxe         |       |       |       |   205 ||   205
       Executioner's axe |       |       |       |   114 ||   114
Invok: Berserk           |       |     6 |     7 |     8 ||    21
       Brothers in Arms  |       |       |       |     3 ||     3
  Use: Scroll            |       |       |       |    19 ||    19
       Potion            |       |       |       |     3 ||     3
  Eat: Chunk             |     1 |     3 |    13 |    16 ||    33
       Ration            |       |     4 |     3 |     4 ||    11
Armor: Animal skin       |    50 |    52 |       |       ||   102
       Scale mail        |       |    37 |   328 |   623 ||   988
Dodge: Dodged            |    83 |   110 |   329 |   556 ||  1078
